WCHLSIM.com - West Coast Hockey League
html PUBLIC "-//W3C//DTD XHTML 1.0 Transitional//EN" "http://www.w3.org/TR/xhtml1/DTD/xhtml1-transitional.dtd"> WCHL - Game 46 - SASKATOON DUCKS vs VICTORIA GLADIATORS

SASKATOON DUCKS vs VICTORIA GLADIATORS

Created - 19 novembre 2020 at 21:59

Goals
1 2 3 T
SASKATOON DUCKS 1 0 0 1
VICTORIA GLADIATORS 2 2 1 5
Shots
1 2 3 T
SASKATOON DUCKS 8 12 3 23
VICTORIA GLADIATORS 12 11 17 40

1st period

1. VICTORIA GLADIATORS , Bryan Rust 3 (Kyle Connor 2, Duncan Keith 1) at 6:58 (PP)
2. VICTORIA GLADIATORS , Bryan Rust 4 (Kyle Connor 3, Anze Kopitar 5) at 13:51
3. SASKATOON DUCKS , Sidney Crosby 2 (Ryan Strome 3, Ondrej Palat 1) at 16:52

Penalties :
Nick Holden (VIC) for Hooking (Minor) at 3:30, Ian Cole (SAS) for Hooking (Minor) at 6:29, Torey Krug (VIC) for Roughing (Minor) at 9:24, Joe Thornton (SAS) for Hooking (Minor) at 17:09

2nd period

4. VICTORIA GLADIATORS , Duncan Keith 1 (Kyle Connor 4, Bryan Rust 4) at 0:24
5. VICTORIA GLADIATORS , Bryan Rust 5 (Anze Kopitar 6, Kyle Connor 5) at 1:10

Penalties :
Jakub Vrana (SAS) for Roughing (Minor) at 2:06, P.K. Subban (SAS) for Hooking (Minor) at 6:47, Nikita Zaitsev (VIC) for Interference (Minor) at 9:55, Kyle Connor (VIC) for Tripping (Minor) at 12:38

3rd period

6. VICTORIA GLADIATORS , Anze Kopitar 3 (Kyle Connor 6, Bryan Rust 5) at 11:42 (PP)

Penalties :
Kailer Yamamoto (SAS) for Cross-checking (Minor) at 9:46, Radko Gudas (SAS) for Holding (Minor) at 15:32

Goalie Stats

Jordan Binnington (SAS), 35 saves from 40 shots - (0,875), L, 2-1-0, 60:00 minutes
Carter Hart (VIC), 22 saves from 23 shots - (0,957), W, 3-0-0, 60:00 minutes

Players Stats for SASKATOON DUCKS

Player Name              G  A  P  +/- PIM S  H  SB GA TA FO     MP     PP MP  PK MP  
------------------------------------------------------------------------------------
Alexander Nylander       0  0  0   0  0   0  0  0  0  0  0/0     9:16   0:00   5:35 
Andrej Sekera            0  0  0  -1  0   1  1  2  0  0  0/0    16:44   0:00   4:54 
Anthony Duclair          0  0  0   0  0   1  1  0  0  0  0/0    13:37   0:00   4:46 
Dylan Strome             0  0  0   0  0   1  2  0  0  0  8/17   16:51   3:46   0:00 
Ian Cole                 0  0  0   0  2   0  1  1  0  0  0/0    23:01   3:40   4:28 
Jakub Vrana              0  0  0   0  2   0  0  0  0  0  0/0    16:50   3:46   0:00 
Joe Thornton             0  0  0   0  2   1  0  0  0  0  14/21  12:46   0:00   3:56 
Kailer Yamamoto          0  0  0   0  2   1  2  0  0  0  0/0    13:00   4:10   0:00 
Ondrej Palat             0  1  1  -2  0   4  0  0  0  0  0/2    20:15   4:09   0:00 
P.K. Subban              0  0  0  -1  2   0  0  0  0  0  0/0    17:27   4:09   1:29 
Radko Gudas              0  0  0  -1  2   0  4  2  0  0  0/0    18:36   0:00   4:00 
Ryan McDonagh            0  0  0   0  0   0  1  2  0  0  0/0    20:01   3:47   0:58 
Ryan Strome              0  1  1  -2  0   3  0  0  0  0  1/2    20:16   4:10   0:00 
Sidney Crosby            1  0  1  -2  0   6  0  0  0  0  10/22  20:16   4:10   0:00 
Tyler Bozak              0  0  0   0  0   0  0  0  0  0  3/8     9:16   0:00   5:35 
Warren Foegele           0  0  0   0  0   1  1  0  0  0  1/3     4:31   0:00   0:50 
William Nylander         0  0  0   0  0   4  1  1  0  0  0/0    16:51   3:46   0:00 
Zdeno Chara              0  0  0  -1  0   0  2  2  0  0  0/0    19:59   0:07   4:53 

Players Stats for VICTORIA GLADIATORS

Player Name              G  A  P  +/- PIM S  H  SB GA TA FO     MP     PP MP  PK MP  
------------------------------------------------------------------------------------
Alex Goligoski           0  0  0   2  0   2  1  1  0  0  0/0    23:47   5:33   2:39 
Anze Kopitar             1  2  3   2  0   4  0  0  0  0  15/27  20:20   5:33   0:09 
Bryan Rust               3  2  5   2  0   7  6  0  0  0  0/0    20:11   5:33   0:00 
Curtis Lazar             0  0  0   0  0   1  0  0  0  0  1/1     5:53   0:00   0:14 
Derek Grant              0  0  0   0  0   1  0  0  0  0  3/4     5:39   0:00   0:00 
Duncan Keith             1  1  2   2  0   2  0  2  0  0  0/0    22:35   5:33   0:43 
Elias Lindholm           0  0  0   0  0   6  3  0  0  0  3/7    18:21   4:48   0:00 
Jakub Voracek            0  0  0   0  0   4  0  0  0  0  0/1    18:21   4:48   0:00 
Johan Larsson            0  0  0   0  0   1  0  0  0  0  3/7    10:45   0:00   2:52 
John Hayden              0  0  0   0  0   1  0  0  0  0  0/0     7:08   0:00   1:29 
Kyle Connor              0  5  5   2  2   4  1  0  0  0  0/0    20:10   5:33   0:00 
Marco Scandella          0  0  0   0  0   0  0  1  0  0  0/0    15:42   0:00   3:29 
Mattias Janmark          0  0  0   0  0   0  0  0  0  0  1/3    11:19   0:00   3:26 
Nick Holden              0  0  0   0  2   1  1  2  0  0  0/0    14:35   0:00   2:23 
Nikita Zaitsev           0  0  0   0  2   2  4  0  0  0  0/0    22:09   4:48   3:27 
Tanner Pearson           0  0  0   0  0   1  1  0  0  0  0/1    15:42   4:48   3:01 
Torey Krug               0  0  0   0  2   0  0  4  0  0  0/0    21:09   4:48   3:11 
Vincent Trocheck         0  0  0   0  0   3  4  0  0  0  12/24  18:14   0:00   4:41 

3 Stars

1 - Bryan Rust (VIC)
2 - Kyle Connor (VIC)
3 - Anze Kopitar (VIC)

Power Play

SASKATOON DUCKS - 0 on 4 Attempt(s) - 0,00%
VICTORIA GLADIATORS - 2 on 6 Attempt(s) - 33,33%

Penalty Kill

SASKATOON DUCKS - 4 on 6 Attempt(s) - 66,67% - Score 0 goal in Penalty Kill
VICTORIA GLADIATORS - 4 on 4 Attempt(s) - 100,00% - Score 0 goal in Penalty Kill

Team Stat

SASKATOON DUCKS - Hits : 16 - Faceoff Wins : 37 - Blocked Shots : 10 - Penalty Minutes : 12
VICTORIA GLADIATORS - Hits : 21 - Faceoff Wins : 38 - Blocked Shots : 10 - Penalty Minutes : 8

Official

Referees : Reid Anderson and Pierre Lambert
Linesman : Darren Gibbs and Scott Driscoll

Game Notes

Bryan Rust has scored a Hat Trick!

Finance

Level 1 -- Attendance: 6300 (100,00%) -- Ticket Income 724 500 $
Level 2 -- Attendance: 5300 (100,00%) -- Ticket Income 371 000 $
Level 3 -- Attendance: 2200 (100,00%) -- Ticket Income 110 000 $
Level 4 -- Attendance: 4200 (100,00%) -- Ticket Income 126 000 $
Luxury Box -- Attendance: 1000 (100,00%) -- Ticket Income 240 000 $
Game was played at the Verizon Center.
Total Attendance: 19000 (100,00%)
Total Ticket Income: 1 571 500 $
Other Income: 550 025 $
Total Income: 2 121 525 $

SASKATOON DUCKS

5 vs 5 Forward 
   Center                   Left Wing                Right Wing               Time % Phy DF OF 
 1 Sidney Crosby            Ondrej Palat             Ryan Strome              36     0   2  3  
 2 Dylan Strome             Jakub Vrana              William Nylander         31     0   2  3  
 3 Joe Thornton             Kailer Yamamoto          Anthony Duclair          23     1   2  2  
 4 Tyler Bozak              Warren Foegele           Alexander Nylander       10     1   2  2  

5 vs 5 Defense 
   Defense                  Defense                                           Time % Phy DF OF 
 1 Ian Cole                 Ryan McDonagh                                     41     1   2  2  
 2 Zdeno Chara              Radko Gudas                                       34     1   2  2  
 3 P.K. Subban              Andrej Sekera                                     25     1   2  2  
 4 Zdeno Chara              Ryan McDonagh                                     0      1   2  2  

PowerPlay Forward 
   Center                   Left Wing                Right Wing               Time % Phy DF OF 
 1 Sidney Crosby            Kailer Yamamoto          Ryan Strome              53     0   2  3  
 2 Dylan Strome             Jakub Vrana              William Nylander         47     0   2  3  

PowerPlay Defense
   Defense                  Defense                                           Time % Phy DF OF 
 1 Ian Cole                 Ryan McDonagh                                     53     0   2  3  
 2 P.K. Subban              Ondrej Palat                                      47     0   2  3  

Penalty Kill 4 Players Forward 
   Center                   Wing                     Time % Phy DF OF 
 1 Joe Thornton             Anthony Duclair          50     1   2  2  
 2 Tyler Bozak              Alexander Nylander       50     1   2  2  

Penalty Kill 4 Players Defense
   Defense                  Defense                  Time % Phy DF OF 
 1 Zdeno Chara              Ian Cole                 50     1   2  2  
 2 Andrej Sekera            Radko Gudas              50     1   2  2  

Penalty Kill - 3 Players Forward 
   Forward                                           Time % Phy DF OF 
 1 Joe Thornton                                      50     1   2  2  
 2 Tyler Bozak                                       50     1   2  2  

Penalty Kill - 3 Players Defense
   Defense                  Defense                  Time % Phy DF OF 
 1 Zdeno Chara              Ian Cole                 55     1   2  2  
 2 Andrej Sekera            Radko Gudas              45     1   2  2  

4 vs 4 Forward 
   Center                   Wing                     Time % Phy DF OF 
 1 Sidney Crosby            William Nylander         55     1   2  2  
 2 Dylan Strome             Ryan Strome              45     1   2  2  

4 vs 4 Defense
   Defense                  Defense                  Time % Phy DF OF 
 1 Ian Cole                 Ryan McDonagh            55     1   2  2  
 2 Zdeno Chara              Radko Gudas              45     1   2  2  

Last Minutes Offensive
   Center                   Left Wing                Right Wing               Defense                  Defense                  
   Sidney Crosby            Kailer Yamamoto          Ryan Strome              William Nylander         Ryan McDonagh            

Last Minutes Defensive
   Center                   Left Wing                Right Wing               Defense                  Defense                  
   Sidney Crosby            Ondrej Palat             Ryan Strome              Ian Cole                 Ryan McDonagh            

Goaltenders
Starting : Jordan Binnington        
Backup : Ryan Miller              

Extra Forwards
Normal : Dylan Strome, Anthony Duclair, Jakub Vrana - PP : Dylan Strome, Anthony Duclair - PK : Warren Foegele
Extra Defensemen
Normal : Ian Cole, Andrej Sekera, P.K. Subban - PP : Ian Cole - PK : Andrej Sekera, P.K. Subban
Penalty Shots
Sidney Crosby, William Nylander, Ryan Strome, Jakub Vrana, Kailer Yamamoto
Custom OT Lines Forwards
Sidney Crosby, Ryan Strome, William Nylander, Ondrej Palat, Joe Thornton, Dylan Strome, Kailer Yamamoto, Tyler Bozak, Jakub Vrana, Anthony Duclair
Custom OT Lines Defensemen
Zdeno Chara, Ryan McDonagh, Ian Cole, Radko Gudas, P.K. Subban

Scratches
None

VICTORIA GLADIATORS

5 vs 5 Forward 
   Center                   Left Wing                Right Wing               Time % Phy DF OF 
 1 Anze Kopitar             Kyle Connor              Bryan Rust               38     0   1  4  
 2 Vincent Trocheck         Jakub Voracek            Elias Lindholm           34     0   2  3  
 3 Johan Larsson            Tanner Pearson           Mattias Janmark          24     0   3  2  
 4 Derek Grant              Curtis Lazar             John Hayden              4      1   2  2  

5 vs 5 Defense 
   Defense                  Defense                                           Time % Phy DF OF 
 1 Duncan Keith             Alex Goligoski                                    40     0   3  2  
 2 Torey Krug               Nikita Zaitsev                                    35     0   3  2  
 3 Nick Holden              Marco Scandella                                   25     1   4  0  
 4 Duncan Keith             Nikita Zaitsev                                    0      1   4  0  

PowerPlay Forward 
   Center                   Left Wing                Right Wing               Time % Phy DF OF 
 1 Anze Kopitar             Kyle Connor              Bryan Rust               55     0   1  4  
 2 Elias Lindholm           Tanner Pearson           Jakub Voracek            45     0   1  4  

PowerPlay Defense
   Defense                  Defense                                           Time % Phy DF OF 
 1 Duncan Keith             Alex Goligoski                                    55     0   2  3  
 2 Torey Krug               Nikita Zaitsev                                    45     0   2  3  

Penalty Kill 4 Players Forward 
   Center                   Wing                     Time % Phy DF OF 
 1 Vincent Trocheck         Mattias Janmark          55     0   4  1  
 2 Johan Larsson            Tanner Pearson           45     0   4  1  

Penalty Kill 4 Players Defense
   Defense                  Defense                  Time % Phy DF OF 
 1 Torey Krug               Nikita Zaitsev           55     1   3  1  
 2 Nick Holden              Marco Scandella          45     1   3  1  

Penalty Kill - 3 Players Forward 
   Forward                                           Time % Phy DF OF 
 1 Johan Larsson                                     55     1   2  2  
 2 Mattias Janmark                                   45     1   2  2  

Penalty Kill - 3 Players Defense
   Defense                  Defense                  Time % Phy DF OF 
 1 Duncan Keith             Alex Goligoski           55     1   2  2  
 2 Torey Krug               Nikita Zaitsev           45     1   2  2  

4 vs 4 Forward 
   Center                   Wing                     Time % Phy DF OF 
 1 Anze Kopitar             Bryan Rust               52     0   2  3  
 2 Elias Lindholm           Kyle Connor              48     0   2  3  

4 vs 4 Defense
   Defense                  Defense                  Time % Phy DF OF 
 1 Nick Holden              Marco Scandella          52     1   2  2  
 2 Torey Krug               Nikita Zaitsev           48     1   2  2  

Last Minutes Offensive
   Center                   Left Wing                Right Wing               Defense                  Defense                  
   Anze Kopitar             Kyle Connor              Bryan Rust               Duncan Keith             Alex Goligoski           

Last Minutes Defensive
   Center                   Left Wing                Right Wing               Defense                  Defense                  
   Vincent Trocheck         Tanner Pearson           John Hayden              Nick Holden              Marco Scandella          

Goaltenders
Starting : Carter Hart              
Backup : Jack Campbell            

Extra Forwards
Normal : Tanner Pearson, Jakub Voracek, Derek Grant - PP : Vincent Trocheck, Mattias Janmark - PK : John Hayden
Extra Defensemen
Normal : Nick Holden, Alex Goligoski, Marco Scandella - PP : Nick Holden - PK : Marco Scandella, Alex Goligoski
Penalty Shots
Anze Kopitar, Bryan Rust, Kyle Connor, Elias Lindholm, Jakub Voracek
Custom OT Lines Forwards
Anze Kopitar, Bryan Rust, Kyle Connor, Elias Lindholm, Jakub Voracek, Vincent Trocheck, Tanner Pearson, Mattias Janmark, Derek Grant, Johan Larsson
Custom OT Lines Defensemen
Duncan Keith, Alex Goligoski, Torey Krug, Nikita Zaitsev, Nick Holden

Scratches
None


% Time on Ice - SASKATOON DUCKS

Lines # - Real PCT - Wanted PCT - Time Play
Normal Forward
1 - 39% - 36% - 16:06
2 - 31% - 31% - 13:05
3 - 21% - 23% - 8:51
4 - 9% - 10% - 3:41
Normal Defense
1 - 36% - 41% - 14:54
2 - 35% - 34% - 14:37
3 - 28% - 25% - 11:50
4 - 1% - 0% - 0:22
PP Forward
1 - 53% - 53% - 4:10
2 - 47% - 47% - 3:46
PP Defense
1 - 48% - 53% - 3:47
2 - 52% - 47% - 4:09
PK Forward
1 - 46% - 50% - 4:46
2 - 54% - 50% - 5:35
PK Defense
1 - 56% - 50% - 5:45
2 - 44% - 50% - 4:36
PK3 Forward
1 - 0% - 50%
2 - 0% - 50%
PK3 Defense
1 - 0% - 55%
2 - 0% - 45%
44 Forward
1 - 0% - 55%
2 - 0% - 45%
44 Defense
1 - 0% - 55%
2 - 0% - 45%
Last Minute Offensive  - 0:00
Last Minute Defensive  - 0:00
Total
Forward - 60:00
Defense - 60:00

% Time on Ice - VICTORIA GLADIATORS

Lines # - Real PCT - Wanted PCT - Time Play
Normal Forward
1 - 35% - 38% - 14:38
2 - 32% - 34% - 13:33
3 - 19% - 24% - 7:53
4 - 14% - 4% - 5:39
Normal Defense
1 - 37% - 40% - 15:35
2 - 32% - 35% - 13:11
3 - 29% - 25% - 12:13
4 - 2% - 0% - 0:44
PP Forward
1 - 54% - 55% - 5:33
2 - 46% - 45% - 4:48
PP Defense
1 - 54% - 55% - 5:33
2 - 46% - 45% - 4:48
PK Forward
1 - 62% - 55% - 4:55
2 - 38% - 45% - 3:01
PK Defense
1 - 64% - 55% - 5:04
2 - 36% - 45% - 2:52
PK3 Forward
1 - 0% - 55%
2 - 0% - 45%
PK3 Defense
1 - 0% - 55%
2 - 0% - 45%
44 Forward
1 - 0% - 52%
2 - 0% - 48%
44 Defense
1 - 0% - 52%
2 - 0% - 48%
Last Minute Offensive  - 0:00
Last Minute Defensive  - 0:00
Total
Forward - 60:00
Defense - 60:00

Play-by-Play

1st period


0:01 of 1st period - Sidney Crosby wins face-off versus Anze Kopitar in neutral zone.
0:24 of 1st period - Shot by Sidney Crosby.
0:24 of 1st period - Shot Misses the Net.
0:26 of 1st period - Shot by Ryan Strome.
0:26 of 1st period - Shot Blocked by Alex Goligoski.
0:37 of 1st period - Shot by Ryan Strome.
0:37 of 1st period - Deflect By Sidney Crosby.
0:37 of 1st period - Stopped by Carter Hart without a rebound.
0:38 of 1st period - Vincent Trocheck wins face-off versus Dylan Strome in VICTORIA GLADIATORS zone.
0:49 of 1st period - Shot by Jakub Vrana.
0:49 of 1st period - Shot Blocked by Torey Krug.
1:11 of 1st period - Shot by William Nylander.
1:11 of 1st period - Shot Blocked by Torey Krug.
1:20 of 1st period - William Nylander is hit by Nikita Zaitsev and loses puck.
1:24 of 1st period - Icing by Nikita Zaitsev.
1:25 of 1st period - Vincent Trocheck wins face-off versus Joe Thornton in VICTORIA GLADIATORS zone.
2:03 of 1st period - Icing by Tanner Pearson.
2:04 of 1st period - Tyler Bozak wins face-off versus Johan Larsson in VICTORIA GLADIATORS zone.
3:23 of 1st period - Shot by Sidney Crosby.
3:23 of 1st period - Shot Misses the Net.
3:25 of 1st period - Shot by Ryan Strome.
3:25 of 1st period - Shot Misses the Net.
3:30 of 1st period - Minor Penalty to Nick Holden for Hooking.
3:31 of 1st period - Vincent Trocheck wins face-off versus Dylan Strome in VICTORIA GLADIATORS zone.
3:53 of 1st period - Shot by Ondrej Palat.
3:53 of 1st period - Stopped by Carter Hart without a rebound.
3:54 of 1st period - Sidney Crosby wins face-off versus Vincent Trocheck in VICTORIA GLADIATORS zone.
4:42 of 1st period - Off-side.
4:43 of 1st period - Dylan Strome wins face-off versus Johan Larsson in neutral zone.
4:54 of 1st period - Shot by William Nylander.
4:54 of 1st period - Shot Blocked by Torey Krug.
4:56 of 1st period - Shot by Dylan Strome.
4:56 of 1st period - Shot Misses the Net.
4:58 of 1st period - Shot by William Nylander.
4:58 of 1st period - Shot Misses the Net.
5:00 of 1st period - Shot by Dylan Strome.
5:00 of 1st period - Stopped by Carter Hart without a rebound.
5:01 of 1st period - Vincent Trocheck wins face-off versus Dylan Strome in VICTORIA GLADIATORS zone.
5:01 of 1st period - Vincent Trocheck is hit by William Nylander.
5:27 of 1st period - Shot by Ondrej Palat.
5:27 of 1st period - Shot Misses the Net.
5:29 of 1st period - Shot by William Nylander.
5:29 of 1st period - Stopped by Carter Hart without a rebound.
5:30 of 1st period - Joe Thornton wins face-off versus Anze Kopitar in VICTORIA GLADIATORS zone.
6:01 of 1st period - Shot by Anze Kopitar.
6:01 of 1st period - Stopped by Jordan Binnington without a rebound.
6:02 of 1st period - Tyler Bozak wins face-off versus Vincent Trocheck in SASKATOON DUCKS zone.
6:06 of 1st period - Off-side.
6:07 of 1st period - Vincent Trocheck wins face-off versus Dylan Strome in neutral zone.
6:16 of 1st period - Shot by Jakub Voracek.
6:16 of 1st period - Shot Misses the Net.
6:18 of 1st period - Shot by Vincent Trocheck.
6:18 of 1st period - Shot Misses the Net.
6:29 of 1st period - Minor Penalty to Ian Cole for Hooking.
6:30 of 1st period - Joe Thornton wins face-off versus Anze Kopitar in SASKATOON DUCKS zone.
6:30 of 1st period - Joe Thornton is hit by Bryan Rust.
6:48 of 1st period - Shot by Kyle Connor.
6:48 of 1st period - Shot Misses the Net.
6:50 of 1st period - Shot by Alex Goligoski.
6:50 of 1st period - Shot Blocked by Zdeno Chara.
6:52 of 1st period - Shot by Bryan Rust.
6:52 of 1st period - Shot Misses the Net.
6:54 of 1st period - Shot by Alex Goligoski.
6:54 of 1st period - Shot Misses the Net.
6:56 of 1st period - Shot by Duncan Keith.
6:56 of 1st period - Shot Blocked by Andrej Sekera.
6:58 of 1st period - Shot by Kyle Connor.
6:58 of 1st period - Deflect By Bryan Rust.
6:58 of 1st period - Goal by Bryan Rust - SASKATOON DUCKS : 0 - VICTORIA GLADIATORS : 1.
6:59 of 1st period - Sidney Crosby wins face-off versus Vincent Trocheck in neutral zone.
7:19 of 1st period - Elias Lindholm is hit by Ian Cole and loses puck.
7:23 of 1st period - Vincent Trocheck is hit by Ryan McDonagh and loses puck.
8:10 of 1st period - Shot by William Nylander.
8:10 of 1st period - Shot Blocked by Duncan Keith.
8:34 of 1st period - Shot by Bryan Rust.
8:34 of 1st period - Stopped by Jordan Binnington without a rebound.
8:35 of 1st period - Joe Thornton wins face-off versus Derek Grant in SASKATOON DUCKS zone.
9:03 of 1st period - Shot by Derek Grant.
9:03 of 1st period - Stopped by Jordan Binnington without a rebound.
9:04 of 1st period - Dylan Strome wins face-off versus Vincent Trocheck in SASKATOON DUCKS zone.
9:04 of 1st period - Dylan Strome is hit by Vincent Trocheck.
9:23 of 1st period - Jakub Vrana is hit by Nikita Zaitsev and loses puck.
9:24 of 1st period - Minor Penalty to Torey Krug for Roughing.
9:25 of 1st period - Mattias Janmark wins face-off versus Sidney Crosby in VICTORIA GLADIATORS zone.
9:25 of 1st period - Mattias Janmark is hit by Kailer Yamamoto.
10:43 of 1st period - Icing by Jakub Vrana.
10:44 of 1st period - Johan Larsson wins face-off versus Dylan Strome in SASKATOON DUCKS zone.
11:19 of 1st period - Kailer Yamamoto is hit by Vincent Trocheck and loses puck.
11:43 of 1st period - Shot by Warren Foegele.
11:43 of 1st period - Stopped by Carter Hart with a rebound.
12:48 of 1st period - Shot by Curtis Lazar.
12:48 of 1st period - Stopped by Jordan Binnington without a rebound.
12:49 of 1st period - Vincent Trocheck wins face-off versus Ondrej Palat in SASKATOON DUCKS zone.
13:06 of 1st period - Shot by Vincent Trocheck.
13:06 of 1st period - Shot Misses the Net.
13:51 of 1st period - Shot by Bryan Rust.
13:51 of 1st period - Goal by Bryan Rust - SASKATOON DUCKS : 0 - VICTORIA GLADIATORS : 2.
13:52 of 1st period - Anze Kopitar wins face-off versus Dylan Strome in neutral zone.
14:23 of 1st period - Shot by William Nylander.
14:23 of 1st period - Shot Misses the Net.
14:59 of 1st period - Shot by Johan Larsson.
14:59 of 1st period - Shot Blocked by Ryan McDonagh.
15:35 of 1st period - Icing by Ian Cole.
15:36 of 1st period - Dylan Strome wins face-off versus Vincent Trocheck in SASKATOON DUCKS zone.
15:50 of 1st period - Ryan McDonagh is hit by Vincent Trocheck and loses puck.
16:11 of 1st period - Shot by Elias Lindholm.
16:11 of 1st period - Stopped by Jordan Binnington with a rebound.
16:21 of 1st period - Shot by Elias Lindholm.
16:21 of 1st period - Stopped by Jordan Binnington without a rebound.
16:22 of 1st period - Sidney Crosby wins face-off versus Anze Kopitar in SASKATOON DUCKS zone.
16:22 of 1st period - Sidney Crosby is hit by Bryan Rust.
16:27 of 1st period - Sidney Crosby is hit by Bryan Rust and loses puck.
16:46 of 1st period - Shot by Sidney Crosby.
16:46 of 1st period - Shot Misses the Net.
16:52 of 1st period - Shot by Sidney Crosby.
16:52 of 1st period - Goal by Sidney Crosby - SASKATOON DUCKS : 1 - VICTORIA GLADIATORS : 2.
16:53 of 1st period - Joe Thornton wins face-off versus Johan Larsson in neutral zone.
17:05 of 1st period - Joe Thornton is hit by Nikita Zaitsev and loses puck.
17:09 of 1st period - Minor Penalty to Joe Thornton for Hooking.
17:10 of 1st period - Anze Kopitar wins face-off versus Tyler Bozak in SASKATOON DUCKS zone.
17:23 of 1st period - Shot by Anze Kopitar.
17:23 of 1st period - Shot Misses the Net.
17:25 of 1st period - Shot by Alex Goligoski.
17:25 of 1st period - Stopped by Jordan Binnington without a rebound.
17:26 of 1st period - Warren Foegele wins face-off versus Elias Lindholm in SASKATOON DUCKS zone.
17:56 of 1st period - Icing by Nikita Zaitsev.
17:57 of 1st period - Elias Lindholm wins face-off versus Tyler Bozak in VICTORIA GLADIATORS zone.
18:38 of 1st period - Shot by Kyle Connor.
18:38 of 1st period - Stopped by Jordan Binnington with a rebound.
18:40 of 1st period - Shot by Anze Kopitar.
18:40 of 1st period - Shot Misses the Net.
18:42 of 1st period - Shot by Bryan Rust.
18:42 of 1st period - Shot Misses the Net.
18:44 of 1st period - Shot by Alex Goligoski.
18:44 of 1st period - Deflect By Bryan Rust.
18:44 of 1st period - Shot Misses the Net.
18:46 of 1st period - Shot by Duncan Keith.
18:46 of 1st period - Stopped by Jordan Binnington without a rebound.
18:47 of 1st period - Anze Kopitar wins face-off versus Warren Foegele in SASKATOON DUCKS zone.
18:57 of 1st period - Icing by Kyle Connor.
18:58 of 1st period - Anze Kopitar wins face-off versus Warren Foegele in VICTORIA GLADIATORS zone.
19:19 of 1st period - Shot by Nick Holden.
19:19 of 1st period - Stopped by Jordan Binnington without a rebound.
19:20 of 1st period - Joe Thornton wins face-off versus Vincent Trocheck in SASKATOON DUCKS zone.
19:20 of 1st period - Kailer Yamamoto is hit by Elias Lindholm and loses puck.
19:45 of 1st period - Shot by Kailer Yamamoto.
19:45 of 1st period - Stopped by Carter Hart without a rebound.
19:46 of 1st period - Sidney Crosby wins face-off versus Anze Kopitar in VICTORIA GLADIATORS zone.
19:47 of 1st period - Shot by Ryan Strome.
19:47 of 1st period - Stopped by Carter Hart without a rebound.
19:48 of 1st period - Anze Kopitar wins face-off versus Sidney Crosby in VICTORIA GLADIATORS zone.
Goals for this period are 1 for SASKATOON DUCKS vs 2 for VICTORIA GLADIATORS.
Shots for this period are 8 for SASKATOON DUCKS vs 12 for VICTORIA GLADIATORS.

2nd period


0:01 of 2nd period - Sidney Crosby wins face-off versus Anze Kopitar in neutral zone.
0:22 of 2nd period - Shot by Kyle Connor.
0:22 of 2nd period - Shot Misses the Net.
0:24 of 2nd period - Shot by Duncan Keith.
0:24 of 2nd period - Goal by Duncan Keith - SASKATOON DUCKS : 1 - VICTORIA GLADIATORS : 3.
0:25 of 2nd period - Joe Thornton wins face-off versus Mattias Janmark in neutral zone.
0:38 of 2nd period - Shot by Kailer Yamamoto.
0:38 of 2nd period - Shot Misses the Net.
0:56 of 2nd period - Shot by Anthony Duclair.
0:56 of 2nd period - Stopped by Carter Hart without a rebound.
0:57 of 2nd period - Sidney Crosby wins face-off versus Anze Kopitar in VICTORIA GLADIATORS zone.
1:10 of 2nd period - Shot by Bryan Rust.
1:10 of 2nd period - Goal by Bryan Rust - SASKATOON DUCKS : 1 - VICTORIA GLADIATORS : 4.
1:11 of 2nd period - Vincent Trocheck wins face-off versus Dylan Strome in neutral zone.
1:24 of 2nd period - Dylan Strome is hit by Vincent Trocheck and loses puck.
1:31 of 2nd period - Shot by Vincent Trocheck.
1:31 of 2nd period - Stopped by Jordan Binnington without a rebound.
1:32 of 2nd period - Sidney Crosby wins face-off versus Anze Kopitar in SASKATOON DUCKS zone.
1:53 of 2nd period - Shot by Sidney Crosby.
1:53 of 2nd period - Stopped by Carter Hart without a rebound.
1:54 of 2nd period - Vincent Trocheck wins face-off versus Dylan Strome in VICTORIA GLADIATORS zone.
1:54 of 2nd period - Jakub Voracek is hit by Dylan Strome and loses puck.
2:06 of 2nd period - Minor Penalty to Jakub Vrana for Roughing.
2:07 of 2nd period - Anze Kopitar wins face-off versus Joe Thornton in SASKATOON DUCKS zone.
2:16 of 2nd period - Shot by Anze Kopitar.
2:16 of 2nd period - Stopped by Jordan Binnington with a rebound.
2:41 of 2nd period - Anze Kopitar is hit by Zdeno Chara and loses puck.
2:52 of 2nd period - Bryan Rust is hit by Radko Gudas and loses puck.
2:57 of 2nd period - Shot by Alexander Nylander.
2:57 of 2nd period - Shot Blocked by Duncan Keith.
3:31 of 2nd period - Shot by Tanner Pearson.
3:31 of 2nd period - Shot Misses the Net.
3:33 of 2nd period - Shot by Tanner Pearson.
3:33 of 2nd period - Deflect By Elias Lindholm.
3:33 of 2nd period - Shot Misses the Net.
3:52 of 2nd period - Icing by Torey Krug.
3:53 of 2nd period - Joe Thornton wins face-off versus Elias Lindholm in VICTORIA GLADIATORS zone.
4:15 of 2nd period - Icing by Ryan Strome.
4:16 of 2nd period - Derek Grant wins face-off versus Sidney Crosby in SASKATOON DUCKS zone.
5:20 of 2nd period - Shot by William Nylander.
5:20 of 2nd period - Stopped by Carter Hart with a rebound.
5:30 of 2nd period - Shot by William Nylander.
5:30 of 2nd period - Shot Blocked by Marco Scandella.
5:55 of 2nd period - Off-side.
5:56 of 2nd period - Joe Thornton wins face-off versus Anze Kopitar in neutral zone.
6:20 of 2nd period - Shot by Kailer Yamamoto.
6:20 of 2nd period - Deflect By Joe Thornton.
6:20 of 2nd period - Shot Misses the Net.
6:38 of 2nd period - Shot by Anze Kopitar.
6:38 of 2nd period - Deflect By Kyle Connor.
6:38 of 2nd period - Stopped by Jordan Binnington without a rebound.
6:39 of 2nd period - Vincent Trocheck wins face-off versus Sidney Crosby in SASKATOON DUCKS zone.
6:47 of 2nd period - Minor Penalty to P.K. Subban for Hooking.
6:48 of 2nd period - Tyler Bozak wins face-off versus Elias Lindholm in SASKATOON DUCKS zone.
7:02 of 2nd period - Shot by Tanner Pearson.
7:02 of 2nd period - Shot Misses the Net.
7:04 of 2nd period - Shot by Nikita Zaitsev.
7:04 of 2nd period - Stopped by Jordan Binnington without a rebound.
7:05 of 2nd period - Joe Thornton wins face-off versus Anze Kopitar in SASKATOON DUCKS zone.
7:05 of 2nd period - Joe Thornton is hit by Kyle Connor.
8:14 of 2nd period - Shot by Elias Lindholm.
8:14 of 2nd period - Shot Misses the Net.
8:46 of 2nd period - Shot by Jakub Voracek.
8:46 of 2nd period - Stopped by Jordan Binnington without a rebound.
8:47 of 2nd period - Curtis Lazar wins face-off versus Sidney Crosby in SASKATOON DUCKS zone.
9:08 of 2nd period - Shot by John Hayden.
9:08 of 2nd period - Stopped by Jordan Binnington without a rebound.
9:09 of 2nd period - Dylan Strome wins face-off versus Anze Kopitar in SASKATOON DUCKS zone.
9:23 of 2nd period - Dylan Strome is hit by Alex Goligoski and loses puck.
9:44 of 2nd period - Shot by William Nylander.
9:44 of 2nd period - Stopped by Carter Hart without a rebound.
9:45 of 2nd period - Sidney Crosby wins face-off versus Vincent Trocheck in VICTORIA GLADIATORS zone.
9:55 of 2nd period - Minor Penalty to Nikita Zaitsev for Interference.
9:56 of 2nd period - Sidney Crosby wins face-off versus Vincent Trocheck in VICTORIA GLADIATORS zone.
10:53 of 2nd period - Alex Goligoski is hit by Kailer Yamamoto and loses puck.
12:38 of 2nd period - Minor Penalty to Kyle Connor for Tripping.
12:39 of 2nd period - Johan Larsson wins face-off versus Sidney Crosby in VICTORIA GLADIATORS zone.
12:58 of 2nd period - Shot by Ondrej Palat.
12:58 of 2nd period - Shot Misses the Net.
13:59 of 2nd period - Shot by William Nylander.
13:59 of 2nd period - Stopped by Carter Hart with a rebound.
14:01 of 2nd period - Shot by Dylan Strome.
14:01 of 2nd period - Shot Misses the Net.
14:03 of 2nd period - Shot by Ian Cole.
14:03 of 2nd period - Shot Blocked by Torey Krug.
14:43 of 2nd period - Shot by Ryan Strome.
14:43 of 2nd period - Stopped by Carter Hart without a rebound.
14:44 of 2nd period - Anze Kopitar wins face-off versus Tyler Bozak in VICTORIA GLADIATORS zone.
14:44 of 2nd period - Anze Kopitar is hit by Warren Foegele.
14:57 of 2nd period - Alexander Nylander is hit by Bryan Rust and loses puck.
15:32 of 2nd period - Shot by Kyle Connor.
15:32 of 2nd period - Shot Hit the Post.
15:43 of 2nd period - Off-side.
15:44 of 2nd period - Dylan Strome wins face-off versus Vincent Trocheck in neutral zone.
15:49 of 2nd period - Shot by Jakub Vrana.
15:49 of 2nd period - Shot Misses the Net.
16:37 of 2nd period - Shot by Sidney Crosby.
16:37 of 2nd period - Deflect By Ryan Strome.
16:37 of 2nd period - Shot Hit the Post.
16:39 of 2nd period - Shot by Sidney Crosby.
16:39 of 2nd period - Stopped by Carter Hart without a rebound.
16:40 of 2nd period - Ryan Strome wins face-off versus Johan Larsson in VICTORIA GLADIATORS zone.
16:53 of 2nd period - Shot by Ondrej Palat.
16:53 of 2nd period - Stopped by Carter Hart with a rebound.
16:55 of 2nd period - Shot by Andrej Sekera.
16:55 of 2nd period - Stopped by Carter Hart with a rebound.
16:57 of 2nd period - Shot by Sidney Crosby.
16:57 of 2nd period - Stopped by Carter Hart with a rebound.
16:59 of 2nd period - Shot by Ondrej Palat.
16:59 of 2nd period - Stopped by Carter Hart with a rebound.
17:37 of 2nd period - Shot by Joe Thornton.
17:37 of 2nd period - Stopped by Carter Hart without a rebound.
17:38 of 2nd period - Anze Kopitar wins face-off versus Joe Thornton in VICTORIA GLADIATORS zone.
18:02 of 2nd period - Off-side.
18:03 of 2nd period - Dylan Strome wins face-off versus Vincent Trocheck in neutral zone.
18:26 of 2nd period - Shot by Elias Lindholm.
18:26 of 2nd period - Stopped by Jordan Binnington with a rebound.
18:28 of 2nd period - Shot by Jakub Voracek.
18:28 of 2nd period - Stopped by Jordan Binnington with a rebound.
18:36 of 2nd period - Shot by Elias Lindholm.
18:36 of 2nd period - Stopped by Jordan Binnington without a rebound.
18:37 of 2nd period - Anze Kopitar wins face-off versus Sidney Crosby in SASKATOON DUCKS zone.
18:44 of 2nd period - Shot by Bryan Rust.
18:44 of 2nd period - Shot Blocked by Zdeno Chara.
19:49 of 2nd period - Elias Lindholm is hit by Dylan Strome and loses puck.
19:59 of 2nd period - Shot by Elias Lindholm.
19:59 of 2nd period - Shot Misses the Net.
Goals for this period are 0 for SASKATOON DUCKS vs 2 for VICTORIA GLADIATORS.
Shots for this period are 12 for SASKATOON DUCKS vs 11 for VICTORIA GLADIATORS.

3rd period


0:01 of 3rd period - Vincent Trocheck wins face-off versus Ondrej Palat in neutral zone.
0:24 of 3rd period - Off-side.
0:25 of 3rd period - Joe Thornton wins face-off versus Tanner Pearson in neutral zone.
0:27 of 3rd period - Kailer Yamamoto is hit by Nikita Zaitsev.
0:48 of 3rd period - Shot by Mattias Janmark.
0:48 of 3rd period - Shot Blocked by Radko Gudas.
0:50 of 3rd period - Shot by Nikita Zaitsev.
0:50 of 3rd period - Shot Misses the Net.
0:52 of 3rd period - Shot by Johan Larsson.
0:52 of 3rd period - Deflect By Mattias Janmark.
0:52 of 3rd period - Shot Misses the Net.
0:54 of 3rd period - Shot by Nikita Zaitsev.
0:54 of 3rd period - Shot Misses the Net.
1:03 of 3rd period - Off-side.
1:04 of 3rd period - Vincent Trocheck wins face-off versus Sidney Crosby in neutral zone.
2:26 of 3rd period - Shot by Bryan Rust.
2:26 of 3rd period - Stopped by Jordan Binnington with a rebound.
2:28 of 3rd period - Shot by Nikita Zaitsev.
2:28 of 3rd period - Stopped by Jordan Binnington without a rebound.
2:29 of 3rd period - Johan Larsson wins face-off versus Joe Thornton in SASKATOON DUCKS zone.
3:37 of 3rd period - Ryan Strome is hit by Nick Holden and loses puck.
4:23 of 3rd period - Shot by Anze Kopitar.
4:23 of 3rd period - Shot Misses the Net.
4:29 of 3rd period - Shot by Bryan Rust.
4:29 of 3rd period - Shot Blocked by Ian Cole.
4:47 of 3rd period - Shot by Anze Kopitar.
4:47 of 3rd period - Stopped by Jordan Binnington without a rebound.
4:48 of 3rd period - Joe Thornton wins face-off versus Vincent Trocheck in SASKATOON DUCKS zone.
5:15 of 3rd period - Shot by Vincent Trocheck.
5:15 of 3rd period - Stopped by Jordan Binnington without a rebound.
5:16 of 3rd period - Anze Kopitar wins face-off versus Sidney Crosby in SASKATOON DUCKS zone.
5:16 of 3rd period - Bryan Rust is hit by Andrej Sekera and loses puck.
6:00 of 3rd period - Shot by Bryan Rust.
6:00 of 3rd period - Shot Misses the Net.
6:02 of 3rd period - Shot by Duncan Keith.
6:02 of 3rd period - Shot Misses the Net.
6:04 of 3rd period - Shot by Alex Goligoski.
6:04 of 3rd period - Stopped by Jordan Binnington with a rebound.
6:06 of 3rd period - Shot by Anze Kopitar.
6:06 of 3rd period - Deflect By Kyle Connor.
6:06 of 3rd period - Shot Misses the Net.
6:26 of 3rd period - Shot by Vincent Trocheck.
6:26 of 3rd period - Stopped by Jordan Binnington without a rebound.
6:27 of 3rd period - Derek Grant wins face-off versus Dylan Strome in SASKATOON DUCKS zone.
6:40 of 3rd period - Shot by Curtis Lazar.
6:40 of 3rd period - Deflect By Derek Grant.
6:40 of 3rd period - Shot Blocked by William Nylander.
7:11 of 3rd period - Icing by Ryan McDonagh.
7:12 of 3rd period - Dylan Strome wins face-off versus Jakub Voracek in SASKATOON DUCKS zone.
7:39 of 3rd period - Radko Gudas is hit by Elias Lindholm and loses puck.
7:59 of 3rd period - Shot by Elias Lindholm.
7:59 of 3rd period - Stopped by Jordan Binnington without a rebound.
8:00 of 3rd period - Anze Kopitar wins face-off versus Sidney Crosby in SASKATOON DUCKS zone.
8:07 of 3rd period - Shot by Kyle Connor.
8:07 of 3rd period - Stopped by Jordan Binnington without a rebound.
8:08 of 3rd period - Anze Kopitar wins face-off versus Ryan Strome in SASKATOON DUCKS zone.
8:17 of 3rd period - Shot by Sidney Crosby.
8:17 of 3rd period - Stopped by Carter Hart with a rebound.
8:19 of 3rd period - Shot by Ryan Strome.
8:19 of 3rd period - Stopped by Carter Hart with a rebound.
8:45 of 3rd period - Shot by Ondrej Palat.
8:45 of 3rd period - Stopped by Carter Hart without a rebound.
8:46 of 3rd period - Dylan Strome wins face-off versus Vincent Trocheck in VICTORIA GLADIATORS zone.
9:13 of 3rd period - Shot by Jakub Voracek.
9:13 of 3rd period - Stopped by Jordan Binnington without a rebound.
9:14 of 3rd period - Joe Thornton wins face-off versus Mattias Janmark in SASKATOON DUCKS zone.
9:45 of 3rd period - Tanner Pearson is hit by Anthony Duclair and loses puck.
9:46 of 3rd period - Minor Penalty to Kailer Yamamoto for Cross-checking.
9:47 of 3rd period - Anze Kopitar wins face-off versus Tyler Bozak in SASKATOON DUCKS zone.
10:05 of 3rd period - Shot by Bryan Rust.
10:05 of 3rd period - Shot Misses the Net.
10:07 of 3rd period - Shot by Bryan Rust.
10:07 of 3rd period - Stopped by Jordan Binnington without a rebound.
10:08 of 3rd period - Elias Lindholm wins face-off versus Joe Thornton in SASKATOON DUCKS zone.
10:08 of 3rd period - Torey Krug is hit by Zdeno Chara and loses puck.
11:18 of 3rd period - Shot by Bryan Rust.
11:18 of 3rd period - Shot Misses the Net.
11:42 of 3rd period - Shot by Anze Kopitar.
11:42 of 3rd period - Goal by Anze Kopitar - SASKATOON DUCKS : 1 - VICTORIA GLADIATORS : 5.
11:43 of 3rd period - Derek Grant wins face-off versus Sidney Crosby in neutral zone.
13:08 of 3rd period - Shot by Elias Lindholm.
13:08 of 3rd period - Shot Blocked by Andrej Sekera.
13:24 of 3rd period - Dylan Strome is hit by Bryan Rust and loses puck.
13:29 of 3rd period - Shot by Kyle Connor.
13:29 of 3rd period - Shot Misses the Net.
14:05 of 3rd period - Shot by Anze Kopitar.
14:05 of 3rd period - Shot Misses the Net.
14:41 of 3rd period - Shot by Johan Larsson.
14:41 of 3rd period - Stopped by Jordan Binnington without a rebound.
14:42 of 3rd period - Vincent Trocheck wins face-off versus Sidney Crosby in SASKATOON DUCKS zone.
14:48 of 3rd period - Elias Lindholm is hit by Radko Gudas and loses puck.
15:06 of 3rd period - Vincent Trocheck is hit by Radko Gudas and loses puck.
15:23 of 3rd period - Shot by Elias Lindholm.
15:23 of 3rd period - Shot Blocked by Radko Gudas.
15:30 of 3rd period - Vincent Trocheck is hit by Radko Gudas and loses puck.
15:32 of 3rd period - Minor Penalty to Radko Gudas for Holding.
15:33 of 3rd period - Anze Kopitar wins face-off versus Joe Thornton in SASKATOON DUCKS zone.
15:54 of 3rd period - Shot by Kyle Connor.
15:54 of 3rd period - Stopped by Jordan Binnington without a rebound.
15:55 of 3rd period - Anze Kopitar wins face-off versus Tyler Bozak in SASKATOON DUCKS zone.
16:16 of 3rd period - Shot by Anze Kopitar.
16:16 of 3rd period - Shot Blocked by Ryan McDonagh.
16:18 of 3rd period - Shot by Kyle Connor.
16:18 of 3rd period - Shot Misses the Net.
16:43 of 3rd period - Ian Cole is hit by Tanner Pearson and loses puck.
16:52 of 3rd period - Shot by Tanner Pearson.
16:52 of 3rd period - Stopped by Jordan Binnington without a rebound.
16:53 of 3rd period - Elias Lindholm wins face-off versus Joe Thornton in SASKATOON DUCKS zone.
16:56 of 3rd period - Shot by Tanner Pearson.
16:56 of 3rd period - Shot Misses the Net.
16:58 of 3rd period - Shot by Jakub Voracek.
16:58 of 3rd period - Stopped by Jordan Binnington without a rebound.
16:59 of 3rd period - Joe Thornton wins face-off versus Elias Lindholm in SASKATOON DUCKS zone.
16:59 of 3rd period - Joe Thornton is hit by Elias Lindholm.
17:22 of 3rd period - Shot by Jakub Voracek.
17:22 of 3rd period - Shot Misses the Net.
17:28 of 3rd period - Shot by Elias Lindholm.
17:28 of 3rd period - Stopped by Jordan Binnington without a rebound.
17:29 of 3rd period - Joe Thornton wins face-off versus Anze Kopitar in SASKATOON DUCKS zone.
17:36 of 3rd period - Shot by Anthony Duclair.
17:36 of 3rd period - Shot Misses the Net.
17:38 of 3rd period - Shot by Zdeno Chara.
17:38 of 3rd period - Shot Blocked by Nick Holden.
17:54 of 3rd period - Shot by Ondrej Palat.
17:54 of 3rd period - Shot Blocked by Nick Holden.
18:29 of 3rd period - Zdeno Chara is hit by Bryan Rust and loses puck.
18:38 of 3rd period - Shot by Bryan Rust.
18:38 of 3rd period - Stopped by Jordan Binnington with a rebound.
Goals for this period are 0 for SASKATOON DUCKS vs 1 for VICTORIA GLADIATORS.
Shots for this period are 3 for SASKATOON DUCKS vs 17 for VICTORIA GLADIATORS.


AUSTON
MATTHEWS
JOEL
ERIKSSON
MATHEW
BARZAL

EAST COAST

HOCKEY LEAGUE

  • 21.PIT7MAN3
  • 22.ATL3NHW4
  • 23.WOR5PET4
  • 24.3RHI4
  • 25.QUECHI
  • 26.CHALIM
  • 27.TRVLON
  • 28.CHWBAL